General information
- name: BNet
- type: Ladder 1vs1/FFA
- host: Battle.net
- saver: b0nerjams03
map: TurtleRock
- players: 2
- length: 14:18
- speed: Fast
- version: 1.24 W3XP
- replay type: Public
» download(53 KB)
Players
team 1 (winner)

»
b0nerjams03 (
orange | 124 APM | 1775 actions | 14:18)
2 Demon Hunter
1 Mana Burn
1 Evasion
2 Keeper of the Grove
1 Entangling Roots
1 Thorns Aura
» actions
| Assign group hotkey | 49 | |
| Basic commands | 119 | |
| Build / train | 57 | |
| Enter build submenu | 15 | |
| Enter hero's abilities submenu | 4 | |
| Give item / drop item | 1 | |
| Remove unit from queue | 1 | |
| Right click | 636 | |
| Select / deselect | 242 | |
| Select group hotkey | 576 | |
| Use ability | 75 | |
1775 total
» units
| Wisp | 17 | |
| Archer | 9 | |
| Glaive Thrower | 7 | |
33 total
» upgrades
| Ultravision | 1 | |
| Improved Bows | 1 | |
| Vorpal Blades | 1 | |
3 total
» buildings
| Altar of Elders | 1 | |
| Moon Well | 6 | |
| Ancient of War | 3 | |
| Hunter's Hall | 2 | |
| Tree of Ages | 2 | |
| Ancient of Wonders | 1 | |
| Ancient Protector | 2 | |
17 total
» build order
00:06 Altar of Elders
00:17 Moon Well
00:21 Ancient of War
01:42 Moon Well
02:27 Moon Well
03:01 Hunter's Hall
03:03 Hunter's Hall
03:05 Ancient of War
03:16 Tree of Ages
03:17 Tree of Ages
04:12 Ancient of War
07:17 Ancient of Wonders
07:50 Moon Well
09:18 Moon Well
09:54 Moon Well
09:58 Ancient Protector
10:48 Ancient Protector
» items
| Dust of Appearance | 2 | |
| Boots of Speed | 3 | |
| Potion of Healing | 2 | |
| Staff of Preservation | 1 | |
8 total
team 2 (loser)
KODOS_FORSAKEN (
green | 102 APM | 1453 actions | 14:17)
3 Blademaster
2 Wind Walk
1 Critical Strike
» actions
| Assign group hotkey | 235 | |
| Basic commands | 12 | |
| Build / train | 50 | |
| Enter build submenu | 29 | |
| Enter hero's abilities submenu | 3 | |
| Give item / drop item | 4 | |
| Right click | 564 | |
| Select / deselect | 242 | |
| Select group hotkey | 197 | |
| Use ability | 117 | |
1453 total
» units
| Peon | 13 | |
| Troll Batrider | 6 | |
| Demolisher | 4 | |
23 total
» upgrades
| Reinforced Defenses | 1 | |
| Liquid Fire | 1 | |
| Ranged Weapons | 1 | |
3 total
» buildings
| Altar of Storms | 1 | |
| Orc Burrow | 5 | |
| War Mill | 1 | |
| Voodoo Lounge | 2 | |
| Watch Tower | 10 | |
| Stronghold | 1 | |
| Beastiary | 3 | |
| Fortress | 1 | |
| Barracks | 1 | |
25 total
» build order
00:08 Altar of Storms
00:20 Orc Burrow
00:39 War Mill
01:19 Voodoo Lounge
01:53 Watch Tower
02:20 Watch Tower
02:56 Watch Tower
03:25 Stronghold
04:06 Watch Tower
04:08 Watch Tower
05:12 Orc Burrow
05:51 Beastiary
05:55 Fortress
06:08 Beastiary
06:19 Beastiary
06:24 Orc Burrow
07:50 Barracks
08:14 Voodoo Lounge
08:26 Orc Burrow
08:47 Orc Burrow
09:45 Watch Tower
10:26 Watch Tower
11:26 Watch Tower
11:27 Watch Tower
12:11 Watch Tower
» items
| Circlet of Nobility | 4 | |
| Healing Salve | 3 | |
| Lesser Clarity Potion | 3 | |
| Staff of Teleportation | 1 | |
| Boots of Speed | 2 | |
| Potion of Mana | 2 | |
15 total
Chat log
(01:23 / All) KODOS_FORSAKEN: sup brah
(01:27 / All) b0nerjams03: supp
(03:14 / All) KODOS_FORSAKEN: fuck off nerd
(03:18 / All) b0nerjams03: not cool
(03:28 / All) KODOS_FORSAKEN: idiot
(03:34 / All) KODOS_FORSAKEN: why are you wasting dust
(03:36 / All) KODOS_FORSAKEN: to burn me for 20 mana
(03:39 / All) b0nerjams03: u mad?
(04:00 / All) KODOS_FORSAKEN: worthless nerd
(04:01 / All) KODOS_FORSAKEN: doing nothing
(04:07 / All) b0nerjams03: i know :(
(04:50 / All) KODOS_FORSAKEN: look at this clown
(04:51 / All) KODOS_FORSAKEN: durrr
(04:52 / All) KODOS_FORSAKEN: im stupid
(04:59 / All) b0nerjams03: :)
(06:50 / All) KODOS_FORSAKEN: must be nice
(06:53 / All) KODOS_FORSAKEN: maphacking
(06:58 / All) KODOS_FORSAKEN: running in cjing me
(06:59 / All) b0nerjams03: oh stop crying
(07:00 / All) KODOS_FORSAKEN: and dusting
(07:08 / All) b0nerjams03: arent you like 30
(07:12 / All) b0nerjams03: you cry like a baby
(07:16 / All) KODOS_FORSAKEN: who are you
(07:18 / All) KODOS_FORSAKEN: another kodo fanboy?
(14:17 / All) KODOS_FORSAKEN: gg nerd